 Dungeon Crawl Stone Soup version 0.21.0-3-g78d12a8bdd (webtiles) character file.

42 GuyWithAPlan the Covered (level 3, 0/30 HPs)
             Began as a Barachi Fighter on Jan 12, 2018.
             Killed from afar by Sigmund (1 damage)
             ... with a magic dart
             ... on level 2 of the Dungeon.
             The game lasted 00:03:12 (933 turns).

GuyWithAPlan the Covered (Barachi Fighter)           Turns: 933, Time: 00:03:12

Health: 0/30       AC:  7    Str: 23    XL:     3   Next: 56%
Magic:  3/3        EV:  8    Int:  8    God:
Gold:   18         SH:  9    Dex: 11    Spells: 2/2 levels left

rFire    . . .     SeeInvis .   a - +0 long sword
rCold    . . .     Gourm    .   c - +0 shield
rNeg     . . .     Faith    .   b - +0 scale mail
rPois    .         Spirit   .   (no helmet)
rElec    .         Reflect  .   (no cloak)
rCorr    .         Harm     .   (no gloves)
MR       .....                  (no boots)
Stlth    +.........             (no amulet)
HPRegen  0.10/turn              j - ring of stealth
MPRegen  0.08/turn              (no ring)

@: mighty, can't hop, slow
A: +LOS, swims, slowness 1, strong legs 1
a: Hop


You were on level 2 of the Dungeon.
You were not hungry.

You visited 1 branch of the dungeon, and saw 2 of its levels.

You collected 18 gold pieces.

Inventory:

Hand Weapons
 a - a +0 long sword (weapon)
Armour
 b - a +0 scale mail (worn)
 c - a +0 shield (worn)
Jewellery
 j - a ring of stealth (left hand)
Wands
 i - a wand of iceblast (7)
Scrolls
 e - 2 scrolls of immolation {unknown}
 g - 2 scrolls of identify {unknown}
 k - a scroll of enchant armour {unknown}
Potions
 d - 2 potions of might
Comestibles
 f - 2 rations
 l - 2 chunks of flesh


   Skills:
 + Level 4.0 Fighting
 * Level 3.1 Long Blades
 + Level 4.4 Armour
 + Level 0.8 Dodging
 + Level 3.4 Shields


You had 2 spell levels left.
You didn't know any spells.

Dungeon Overview and Level Annotations

Branches:
Dungeon (2/15)

Altars:

Annotations:
D:2 Sigmund


Innate Abilities, Weirdness & Mutations

Shadows flee at your approach. (+LOS)
You can swim through water.
You cover ground slowly.
You can hop short distances.


Message History

It was a potion of curing.
You feel better.
You hear some strange, mumbled words.
You are confused.
Something hits you!
* * * LOW HITPOINT WARNING * * *
You feel better. You block something's attack.
Something hits you but does no damage.
You closely miss something. You barely miss something.
Something hits you but does no damage.
You closely miss something. Something hits you.
You miss something. Something hits you.
* * * LOW HITPOINT WARNING * * *
You closely miss something. Something hits you.
* * * LOW HITPOINT WARNING * * *
You miss something. You block something's attack.
You closely miss something.
You hear some strange, mumbled words.
A magic dart appears from out of thin air!
The magic dart hits you!
You die...

#...............#.##..#.#.....#
.######.#####........#... ...#
#.#.#####..#.###)#.# ....#
.##.####.......<..........#.....#
........<........................
.##.#.##.#..#####.#.###...(......
# #.#..# #.#.#####.##.....
#.#..#####{#......... ....
#.#<.....@..#.#######...#.
.............%.... . ..
..#...........#### . .
..#########.#.... #..# .#.#### .#
# .# .#


There were no monsters in sight!

Vanquished Creatures
  An adder (D:2)
  A worm (D:2)
  2 dart slugs (D:1)
  2 giant cockroaches
  7 goblins
  3 hobgoblins (D:1)
  2 ball pythons (D:1)
  2 bats
  3 frilled lizards
  2 kobolds (D:1)
  A rat (D:1)
26 creatures vanquished.

Notes
Turn   | Place    | Note
-------+----------+-------------------------------------------
     0 | D:1      | GuyWithAPlan the Barachi Fighter began the quest for the Orb.
     0 | D:1      | Reached XP level 1. HP: 18/18 MP: 1/1
     5 | D:1      | Noticed an electric eel
   186 | D:1      | Reached XP level 2. HP: 22/24 MP: 2/2
   772 | D:1      | Reached XP level 3. HP: 30/30 MP: 3/3
   896 | D:2      | Noticed Sigmund
   931 | D:2      | HP: 1/30 [something (5)]
   933 | D:2      | Killed from afar by Sigmund

Skill      XL: |  1  2  3 |
---------------+----------+-----
Armour         | 4 |  4.4
Long Blades    | 3 |  3.1
Fighting       | 4 |  4.0
Dodging        | |  0.8
Shields        | |  3.4

Action                   || total
-------------------------++-------
Melee: Long sword        ||    84
 Abil: Hop               ||     1
  Use: Potion            ||     3
  Eat: Chunk             ||     1
Armor: Scale mail        ||    35
Dodge: Dodged            ||    26
Block: Shield            ||    40
       Rpst.: Long sword ||     7
